cohdb
Replays
Latest Replays
All Replays
Popular Replays
Top Player Replays
Match Explorer
How It Works
Community
CoH3 Stats
Reddit
Sign in to upload your games and track your stats! →
Sign in with Steam
Match 43758546
Unlisted
Match 43758546
Overview
Messages
Build Orders
End
Construct Section Command Post
Vickers Machine Gun Team
Selects Canadian Shock Battlegroup
Infantry Section
ML 3-inch Mortar Team
Infantry Section
Construct Platoon Command Post
Unlock M3 Stuart Light Tanks
Selects Incendiary Munitions
Vickers Machine Gun Team
M3 Stuart Light Tank
Selects Attacking Spirit
Selects Canadian Shock Section
ML 3-inch Mortar Team
M3 Stuart Light Tank
Unlock Bishop Self-propelled Artillery
Selects Pyrotechnics
Bishop Self-propelled Artillery
6-pounder Anti-tank Gun Team
Construct Company Command Post
Grenade Package
Unlock M3 Grant Medium Tanks
M3 Grant Medium Tank
Selects Smoke Operation
Royal Engineer Section
M1k3H4lt0n
粉色上瘾
Agent-S
许聪聪
LECHU
Gwangju's Hero Chun Doo-gwang
freedman1984
MIHua
0
0
Comments
sign in to comment!
No comments posted yet!